 Dungeon Crawl Stone Soup version 0.30-b1-2-g02819fbbbe (webtiles) character file.

Game seed: 11144161428706934852

22367 Alarkh the Skirmisher (level 12, -14/103 HPs)
             Began as a Demonspawn Hexslinger on July 9, 2023.
             Was the Champion of Uskayaw.
             Demolished by a death yak (24 damage)
             ... in a Gauntlet.
             The game lasted 00:29:45 (12312 turns).

Alarkh the Skirmisher (Demonspawn Hexslinger)      Turns: 12312, Time: 00:29:46

Health: -14/103    AC:  8    Str: 13    XL:     12   Next: 62%
Magic:  21/21      EV: 10    Int: 17    God:    Uskayaw [******]
Gold:   444        SH:  0    Dex: 14    Spells: 12/13 levels left

rFire   + . .        a - +0 arbalest (drain)
rCold   + . .        (shield currently unavailable)
rNeg    . . .        l - +0 ring mail of Gizohib {rCorr Str+3 Int-3 Slay+5}
rPois   +            (helmet restricted)
rElec   .            (no cloak)
rCorr   +            S - +1 pair of gloves
SInv    .            (no boots)
Will    .....        (no amulet)
Stlth   +            W - ring of protection from fire
HPRegen 0.37/turn    p - ring of poison resistance
MPRegen 0.17/turn

%: no teleportation
@: invisible
A: hooves 2, rugged brown scales 1, powered by death 2, spiny 2, antennae 1,
cold resistance 1
a: Renounce Religion, Stomp, Line Pass, Grand Finale


You were in a Gauntlet.
You worshipped Uskayaw.
Uskayaw was pleased with you.
You visited 3 branches of the dungeon, and saw 13 of its levels.
You also visited: Sewer, Ossuary and Gauntlet.

You collected 580 gold pieces.
You spent 136 gold pieces at shops.

Inventory:

Hand Weapons
 a - a +0 arbalest of draining (weapon)
Armour
 l - the +0 ring mail of Gizohib (worn) {rCorr Str+3 Int-3 Slay+5}
   (You found it on level 2 of the Dungeon)

   Str:       It affects your strength (+3).
   Int:       It affects your intelligence (-3).
   Slay:      It affects your accuracy & damage with ranged weapons and melee
   (+5).
   rCorr:     It protects you from acid and corrosion.
 S - a +1 pair of gloves (worn)
Jewellery
 d - a ring of magical power
 f - a ring of flight
 p - a ring of poison resistance (right hand)
 z - a ring of protection from cold
 W - a ring of protection from fire (left hand)
Wands
 s - a wand of digging (2)
 A - a wand of polymorph (6)
 P - a wand of paralysis (8)
 Z - a wand of acid (14)
Scrolls
 b - a scroll of enchant armour
 c - a scroll of butterflies
 t - 2 scrolls of teleportation
 w - a scroll of immolation
 x - 2 scrolls of fog
 T - a scroll of amnesia
Potions
 e - a potion of degeneration {unknown}
 g - 10 potions of curing
 m - 4 potions of might
 q - 3 potions of flight
 u - 2 potions of resistance
 L - a potion of haste
 M - 3 potions of cancellation


   Skills:
 + Level 11.1 Fighting
 * Level 14.3 Ranged Weapons
 - Level 1.7 Dodging
 - Level 1.0 Spellcasting
 - Level 3.0 Hexes
 + Level 12.5 Invocations


You had 12 spell levels left.
You knew the following spells:

 Your Spells              Type           Power      Damage    Failure   Level
a - Slow                  Hex            44%        N/A       14%         1

Your spell library contained the following spells:

 Spells                   Type           Power      Damage    Failure   Level
 Magic Dart               Conj           0%         1d3       43%         1
 Shock                    Conj/Air       0%         1d3       43%         1
 Call Imp                 Summ           0%         N/A       56%         2
 Inner Flame              Hex/Fire       5%         N/A       58%         3
 Portal Projectile        Hex/Tloc       10%        N/A       58%         3
 Ignite Poison            Fire/Tmut/Pois 0%         N/A       80%         3
 Mephitic Cloud           Conj/Pois/Air  0%         N/A       80%         3
 Swiftness                Air            0%         N/A       80%         3
 Cause Fear               Hex            5%         N/A       80%         4
 Airstrike                Air            0%         2d(0-16)  99%         4
 Flame Wave               Conj/Fire      0%         2d4       99%         4
 Sticky Flame             Conj/Fire      0%         2d3       99%         4
 Ignition                 Fire           0%         3d3       100%        8


Dungeon Overview and Level Annotations

Branches:
Dungeon (10/15)            Temple (1/1) D:4            Lair (2/5) D:8
  Sewer (visited)         Ossuary (visited)         Gauntlet (1/1)
  Swamp: Lair:2-3    Shoals: Lair:2-3     Snake: Lair:2-3    Spider: Lair:2-3
    Orc: D:9-12

Altars:
Ashenzari
Cheibriados
Dithmenos
Fedhas
Gozag
Hepliaklqana
Kikubaaqudgha
Makhleb
Nemelex Xobeh
Okawaru
Qazlal
Ru
Sif Muna
Trog
Uskayaw
Vehumet
Wu Jian
Xom
Yredelemnul

Shops:
D:1 ?   D:3 (   D:4 [   D:6 [   D:8 :

Annotations:
D:7 1 runed translucent door, Termiter's ghost, novice DsNe
Lair:1 2 transporters Gauntlet 9 transporters, 2 runed translucent doors


Innate Abilities, Weirdness & Mutations

You have hoof-like feet.
You are partially covered in rugged brown scales. (AC +1, +3% HP)
You regenerate health from kills.
You are mostly covered in sharp spines.
You have a pair of small antennae on your head.
Your flesh is cold resistant. (rC+)


Message History

* * * LOW HITPOINT WARNING * * *
You shoot a bolt. The bolt hits the death yak!
You drain the death yak.
The death yak is lightly wounded.
Your extra speed is starting to run out.
The death yak gores you!
* * * LOW HITPOINT WARNING * * *
You shoot a bolt. The bolt barely misses the death yak.
The death yak seems to regain its courage.
The death yak is struck by your spines. The death yak completely misses you.
You shoot a bolt. The bolt hits the death yak.
The death yak is moderately wounded.
You flicker back into view.
The death yak gores you!
* * * LOW HITPOINT WARNING * * *
Blink to where?
Press: ? - help, Dir - move target, p - death yak
As you read the scroll of blinking, it crumbles to dust.
The death yak seems to regain its courage.
The necromancer casts a spell at you.
You struggle to resist.
The death yak enters a dispersal trap!
The necromancer blinks!
The death yak blinks! x3; You blink.
The death yak blinks!
Okay, then.
Okay, then.
You fade into invisibility!
You feel yourself slow down.
You shoot a bolt. The bolt barely misses the death yak.
The bolt hits the death yak!!
The death yak is moderately wounded.
The death yak barely misses you.
You shoot a bolt. The bolt hits the death yak.
You drain the death yak.
The death yak is lightly wounded.
The death yak enters a dispersal trap!
The death yak blinks! x3
Fire: a) +0 arbalest (drain)
Press: ? - help, Q - select action, (/) - cycle Shift-Dir - straight line, f/p - death yak
Aim: a death yak (lightly wounded, unable to see you, lightly drained, 84% to hit)
You shoot a bolt. The bolt hits the death yak!!
The death yak is moderately wounded.
The death yak gores you!!
You die...

..............................##
########.#########.#########..≈#
###©####.#.#"©...#.#.![©.[.#§.##
##(.[###.#.#(!##.#.#☼#.#.#.#.§≈#
..##+!.#.#..##..##.#°E.....#§§##
..#©#.y#.##.^©§.##.#E#.©.#.#§§§#
y.+##.y#.##Yp##p.#.#.○.....#.§##
##...###.#.##..#Y#.#h⌠.8.8.#§.≈#
##..y###.#§†...#@#.#R°°○...#..##
############################..≈#
.#.©.........©.........©.#...###
.#...........©...........#...≈#
.#########################..###
........##^..©.#^##.........≈#
..§.....#..#..#.###........###
≈#§#≈#..##.####..##..#≈#≈#≈#
######..#....###.##..#######


You could see a death yak (unable to see you, drained), a necromancer (unable to
see you), an efreet (unable to see you), 2 fire elementals and a hell hound.

Vanquished Creatures
  4 two-headed ogres
  A boulder beetle (D:8)
  2 death yaks (Gauntlet)
  A tengu warrior (D:8)
  Amaemon (Lair:1)
  A wizard (Gauntlet)
  3 manticores
  6 elephants (Lair:2)
  A worldbinder (Gauntlet)
  A black mamba (Lair:2)
  A gargoyle (D:8)
  An orange demon (Lair:1)
  A cane toad (Lair:2)
  An unseen horror (D:10)
  A komodo dragon (Lair:1)
  A freezing wraith (D:8)
  An efreet (D:8)
  A troll (D:8)
  A hornet (D:9)
  5 blink frogs (Lair:2)
  2 wyverns
  12 yaks
  2 wraiths
  2 basilisks (Lair:1)
  A steam dragon (D:8)
  A vampire mosquito (D:10)
  4 acid dragons
  5 water moccasins
  5 ice beasts
  3 sky beasts
  5 black bears
  2 orc warriors
  An ogre (D:4)
  A boggart (Gauntlet)
  A wolf (Lair:2)
  4 centaurs
  A phantom (D:6)
  8 kobold brigands
  2 elf zombies (Ossuary)
  3 bullfrogs
  5 gnoll sergeants
  3 scorpions
  10 wights (D:8)
  6 killer bees
  4 howler monkeys
  5 electric eels (D:10)
  3 vampire bats (D:3)
  5 centaur zombies (Ossuary)
  5 human zombies (Ossuary)
  5 hounds
  5 jellies
  3 orc priests
  4 iguanas
  A sleepcap (D:7)
  Terence (D:2)
  6 orc wizards
  2 scorpion zombies (D:3)
  A hound zombie (D:3)
  4 mummies
  19 gnolls
  8 adders
  A river rat (Sewer)
  6 shadow imps
  4 white imps
  An ufetubus (D:3)
  An adder zombie (D:3)
  7 worms
  2 dart slugs
  27 orcs
  6 bats
  2 bat skeletons (D:3)
  3 bat zombies (D:3)
  7 endoplasms
  4 giant cockroaches
  8 goblins
  4 hobgoblins
  4 jackals (D:4)
  2 quokkas
  14 ball pythons
  6 frilled lizards
  10 kobolds
  11 rats
  A bush (Lair:1)
  A toadstool (D:3)
337 creatures vanquished.

Vanquished Creatures (others)
  A vampire mosquito (D:8)
  A howler monkey (D:8)
  6 demonic plants (Gauntlet)
  7 fungi
  3 plants (Lair:2)
  2 toadstools (D:3)
20 creatures vanquished.

Grand Total: 357 creatures vanquished

Notes
Turn   | Place    | Note
-------+----------+-------------------------------------------
     0 | D:1      | Alarkh the Demonspawn Hexslinger began the quest for the
                  | Orb.
     0 | D:1      | Reached XP level 1. HP: 15/15 MP: 2/2
   196 | D:1      | Reached skill level 2 in Ranged Weapons
   293 | D:1      | Gained mutation: You regenerate a little health from kills.
                  | [demonic ancestry]
   293 | D:1      | Reached XP level 2. HP: 16/21 MP: 3/3
   313 | D:1      | Found The Oracle's Delphic Readings.
   914 | D:2      | Gained mutation: You are partially covered in sharp spines.
                  | [demonic ancestry]
   914 | D:2      | Reached XP level 3. HP: 24/27 MP: 4/4
   925 | D:2      | Identified the +0 ring mail of Gizohib {rCorr Str+3 Int-3
                  | Slay+5}
   951 | D:2      | Reached skill level 3 in Ranged Weapons
  1162 | D:2      | Noticed Terence
  1170 | D:2      | Killed Terence
  1171 | D:2      | Reached XP level 4. HP: 27/33 MP: 5/5
  1593 | D:3      | Found Poifuuli's Weapon Shoppe.
  1599 | D:3      | Bought a +0 arbalest for 45 gold pieces
  1871 | D:1      | Bought a scroll of poison for 52 gold pieces
  1871 | D:1      | Bought a scroll of teleportation for 39 gold pieces
  2131 | D:3      | Reached skill level 4 in Ranged Weapons
  2131 | D:3      | Found a bloodstained altar of Trog.
  2141 | D:3      | Gained mutation: You have large cloven feet. [demonic
                  | ancestry]
  2141 | D:3      | Reached XP level 5. HP: 37/40 MP: 6/6
  2150 | D:3      | Found a shimmering blue altar of Sif Muna.
  2154 | D:3      | Got Sif Muna's Omnibus of Momentum
  2259 | D:3      | Found a basalt altar of Yredelemnul.
  2392 | D:3      | Found a radiant altar of Vehumet.
  2535 | D:3      | Found an ancient bone altar of Kikubaaqudgha.
  2541 | D:3      | Gained mutation: You have hoof-like feet. [demonic
                  | ancestry]
  2541 | D:3      | Reached XP level 6. HP: 46/47 MP: 7/7
  2545 | D:3      | Reached skill level 5 in Ranged Weapons
  2632 | D:4      | Found Foff's Armour Shop.
  2885 | D:4      | Found a staircase to the Ecumenical Temple.
  2922 | Temple   | Entered the Ecumenical Temple
  2965 | Temple   | Became a worshipper of Uskayaw the Reveller
  3118 | D:4      | Reached * piety under Uskayaw
  3119 | D:4      | Gained mutation: You regenerate health from kills. [demonic
                  | ancestry]
  3119 | D:4      | Reached XP level 7. HP: 54/54 MP: 8/8
  3148 | D:4      | Reached ** piety under Uskayaw
  3309 | D:5      | Entered Level 5 of the Dungeon
  3345 | D:5      | Reached *** piety under Uskayaw
  3346 | D:5      | Reached skill level 6 in Ranged Weapons
  3716 | D:5      | Found a glowing drain.
  3739 | Sewer    | Entered a sewer
  3872 | Sewer    | Reached skill level 5 in Fighting
  3876 | Sewer    | Reached skill level 7 in Ranged Weapons
  3979 | Sewer    | Reached skill level 1 in Invocations
  3979 | Sewer    | Reached XP level 8. HP: 59/62 MP: 9/9
  4559 | D:6      | Reached skill level 8 in Ranged Weapons
  4603 | D:6      | Found Ubo Meco's Armour Shop.
  4679 | D:6      | Found a sand-covered staircase.
  4687 | Ossuary  | Entered an ossuary
  4702 | Ossuary  | Reached **** piety under Uskayaw
  4726 | Ossuary  | Reached XP level 9. HP: 69/71 MP: 12/12
  4826 | Ossuary  | Reached skill level 5 in Invocations
  5081 | D:6      | Reached skill level 9 in Ranged Weapons
  5439 | D:7      | Found a runed translucent door.
  5445 | D:7      | Noticed Termiter's ghost (novice DsNe)
  5665 | D:7      | Reached ***** piety under Uskayaw
  6213 | D:8      | Reached skill level 10 in Ranged Weapons
  6214 | D:8      | Reached ****** piety under Uskayaw
  6228 | D:8      | Gained mutation: You are partially covered in rugged brown
                  | scales. (AC +1, +3% HP) [demonic ancestry]
  6228 | D:8      | Reached XP level 10. HP: 69/82 MP: 15/15
  6319 | D:8      | Found a sparkling altar of Nemelex Xobeh.
  6455 | D:8      | Found a staircase to the Lair.
  6907 | D:8      | Found an iron altar of Okawaru.
  7137 | D:8      | Found Buewisak's Book Emporium.
  7342 | D:8      | Noticed a manticore
  7343 | D:8      | Noticed a two-headed ogre
  7357 | D:8      | Killed a manticore
  7358 | D:8      | Reached skill level 11 in Ranged Weapons
  7519 | D:8      | Noticed a cyclops
  7738 | D:8      | Killed a two-headed ogre
  7824 | D:8      | Noticed a manticore
  7824 | D:8      | Noticed a tengu warrior
  7832 | D:8      | Killed a manticore
  7844 | D:8      | Killed a tengu warrior
  7846 | D:8      | Gained mutation: You are mostly covered in sharp spines.
                  | [demonic ancestry]
  7846 | D:8      | Reached XP level 11. HP: 36/91 MP: 17/17
  8442 | D:8      | Noticed a boulder beetle
  8448 | D:8      | Killed a boulder beetle
  8486 | D:8      | Reached skill level 12 in Ranged Weapons
  8765 | D:9      | Paralysed by a hornet for 1 turns
  8777 | D:9      | Reached skill level 10 in Invocations
  8980 | D:9      | Noticed a two-headed ogre
  8988 | D:9      | Killed a two-headed ogre
  8989 | D:9      | Identified the +2 morningstar of Foolhardiness {venom,
                  | Int+6}
  9087 | D:9      | Gained mutation: Your flesh is heat resistant. (rF+)
                  | [potion of mutation]
  9087 | D:9      | Gained mutation: You occasionally lose the ability to drink
                  | potions when taking damage. [potion of mutation]
  9087 | D:9      | Gained mutation: You passively dampen the noise of your
                  | surroundings. [potion of mutation]
  9088 | D:9      | Lost mutation: You occasionally lose the ability to drink
                  | potions when taking damage. [potion of mutation]
  9088 | D:9      | Lost mutation: You passively dampen the noise of your
                  | surroundings. [potion of mutation]
  9088 | D:9      | Lost mutation: Your flesh is heat resistant. (rF+) [potion
                  | of mutation]
  9088 | D:9      | Gained mutation: You are vulnerable to cold. (rC-) [potion
                  | of mutation]
  9088 | D:9      | Gained mutation: You have hooves in place of feet. [potion
                  | of mutation]
  9089 | D:9      | Lost mutation: You have hooves in place of feet. [potion of
                  | mutation]
  9089 | D:9      | Lost mutation: You are vulnerable to cold. (rC-) [potion of
                  | mutation]
  9089 | D:9      | Gained mutation: You have a pair of small antennae on your
                  | head. [potion of mutation]
  9089 | D:9      | Gained mutation: Your flesh is cold resistant. (rC+)
                  | [potion of mutation]
  9303 | D:9      | Found a broken altar of Ashenzari.
  9632 | D:9      | Noticed a two-headed ogre
  9638 | D:9      | Killed a two-headed ogre
  9722 | D:10     | Entered Level 10 of the Dungeon
  9762 | D:10     | Reached skill level 10 in Fighting
  9831 | D:10     | Noticed a two-headed ogre
  9834 | D:10     | Killed a two-headed ogre
  9835 | D:10     | Reached skill level 13 in Ranged Weapons
 10834 | Lair:1   | Entered Level 1 of the Lair of Beasts
 10846 | Lair:1   | Noticed Amaemon
 10855 | Lair:1   | Killed Amaemon
 10856 | Lair:1   | Reached XP level 12. HP: 53/100 MP: 20/20
 11207 | Lair:1   | Found a transporter.
 11267 | Lair:1   | Found a transporter.
 11744 | Lair:2   | Reached skill level 14 in Ranged Weapons
 11796 | Lair:2   | Found a gate leading to a gauntlet.
 11809 | Gauntlet | Entered a Gauntlet
 11809 | Gauntlet | Found a transporter.
 11809 | Gauntlet | Found a transporter.
 12032 | Gauntlet | Found a transporter.
 12044 | Gauntlet | Found a transporter.
 12062 | Gauntlet | Found a transporter.
 12062 | Gauntlet | Found a transporter.
 12064 | Gauntlet | Found a transporter.
 12064 | Gauntlet | Found a transporter.
 12076 | Gauntlet | Found a transporter.
 12090 | Gauntlet | Noticed a death yak
 12090 | Gauntlet | Noticed a death yak
 12091 | Gauntlet | Noticed a death yak
 12091 | Gauntlet | Noticed a death yak
 12092 | Gauntlet | Found a transporter.
 12092 | Gauntlet | Noticed a death yak
 12093 | Gauntlet | Noticed a death yak
 12101 | Gauntlet | Found a runed translucent door.
 12102 | Gauntlet | Found a transporter.
 12103 | Gauntlet | Found a runed translucent door.
 12116 | Gauntlet | Found a transporter.
 12136 | Gauntlet | Found a transporter.
 12136 | Gauntlet | Found a transporter.
 12293 | Gauntlet | Killed a death yak
 12300 | Gauntlet | Killed a death yak
 12305 | Gauntlet | HP: 3/103 [death yak (17)]
 12306 | Gauntlet | Identified the amulet of Wummed {Spirit rElec rN+ Str-5
                  | SInv}
 12312 | Gauntlet | Demolished by a death yak

Illustrated notes

Levels and vault maps discovered:
D:1:      saegor_arrival_simple_e, layout_basic, nicolae_nh_oracle_at_delphi
D:2:      layout_basic, kennysheep_generic_room_6, uniq_terence
D:3:      layout_basic, nzn_overflow_gifts_of_might_and_magic,
          kennysheep_vampire_church, nicolae_yredelemnul_corpse_copse,
          nicolae_overflow_hidden_temple, serial_shops, shop,
          minmay_gold_behind_fungi
D:4:      layout_basic, minmay_temple_entry_grid, serial_shops,
          nicolae_inconvenience_store
D:5:      layout_loops_corners, portal_sewer_entry_c
D:6:      layout_basic, gup_ossuary_entry_pyramid, serial_shops,
          nicolae_shop_scrapyard, nicolae_concentric_dashed_squares_wild,
          grunt_decor_mini_mirrors
D:7:      layout_basic, ebering_ghost_reflecting_pool
D:8:      nzn_winding_woodlands_large [nzn_winding_woodlands_5x5_closed_star,
          nzn_winding_woodlands_5x15_pockets, nzn_winding_woodlands_5x5_default,
          nzn_winding_woodlands_center_pierced_h,
          nzn_winding_woodlands_15x15_boxy_spiral,
          nzn_winding_woodlands_center_lodge, nzn_winding_woodlands_5x5_cross,
          nzn_winding_woodlands_5x15_sidewinder,
          nzn_winding_woodlands_5x5_default], layout_basic,
          amcnicky_altar_gilded, kennysheep_mini_moat, david_lair_generic,
          minmay_shop_grid_forest
D:9:      layout_cave_pods, ashenzari_conservatory_becter, corner_web_ring,
          kennysheep_generic_room_13
D:10:     layout_basic, mainiacjoe_overflow_catwalk, st_stairs_4
Temple:   nicolae_temple_ecumenical_triangle
Lair:1:   gammafunk_worm_tunnel, layout_chaotic_city,
          dreamdust_mushroom_princess, minivault_11,
          grunt_forest_small_clearings, infiniplex_staircase_pool_2,
          uniq_amaemon
Lair:2:   layout_chaotic_city, gauntlet_entry_generic, beast_lair_carwin_11
Gauntlet: gammafunk_gauntlet_mixed_choke_point [minmay_gauntlet_arena_77_braids,
          minmay_gauntlet_arena_77_radiant_squares,
          minmay_gauntlet_arena_77_block_sizes, gammafunk_gauntlet_arena_mazey,
          minmay_gauntlet_arena_77_cramped, minmay_gauntlet_arena_77_squiggly,
          minmay_gauntlet_arena_77_museum,
          nicolae_gauntlet_exit_dead_adventurers]

Skill      XL: |  1  2  3  4  5  6  7  8  9 10 11 12 |
---------------+-------------------------------------+-----
Ranged Weapons | 2 3 4 5 7 8 10 11 13 14 | 14.3
Fighting       | 2 3 4 5 6 7 9 10 11 | 11.1
Invocations    | 1 4 7 9 11 12 | 12.5
Dodging        | |  1.7
Spellcasting   | |  1.0
Hexes          | |  3.0

Action                     |  1- 3 |  4- 6 |  7- 9 | 10-12 || total
---------------------------+-------+-------+-------+-------++-------
   Fire: Sling             |    84 |    21 |       |       ||   105
         Arbalest          |       |   111 |   240 |   411 ||   762
 Invoke: Line Pass         |       |       |       |     1 ||     1
  Evoke: Wand              |       |       |       |     1 ||     1
    Use: Scroll            |       |     8 |     6 |    21 ||    35
         Potion            |       |     1 |       |    13 ||    14
 Armour: Robe              |     7 |       |       |       ||     7
         Ring mail         |     1 |    32 |    73 |    91 ||   197
  Dodge: Dodged            |    20 |    42 |    86 |   140 ||   288
